 Dungeon Crawl Stone Soup version 0.24-a0-228-g05560da471 (webtiles) character file.

Game seed: 5376015037852302936

46 Minion the Poker (level 3, 31/31 HPs)
             Began as a Hill Orc Monk on Apr 1, 2019.
             Was an Initiate of Gozag.
             Quit the game on level 2 of the Dungeon.
             The game lasted 00:02:55 (1471 turns).

Minion the Poker (Hill Orc Monk)                    Turns: 1471, Time: 00:02:55

Health: 31/31      AC:  2    Str: 13    XL:     3   Next: 68%
Magic:  3/3        EV: 13    Int: 10    God:    Gozag
Gold:   87         SH:  0    Dex: 14    Spells: 2/2 levels left

rFire    . . .     SeeInvis .   a - +0 spear
rCold    . . .     Gourm    .   (no shield)
rNeg     . . .     Faith    .   b - +0 robe
rPois    .         Spirit   .   (no helmet)
rElec    .         Reflect  .   (no cloak)
rCorr    .         Harm     .   (no gloves)
MR       .....                  (no boots)
Stlth    ++........             g - amulet of the acrobat
HPRegen  0.10/turn              (no ring)
MPRegen  0.08/turn              (no ring)

@: gold aura
A: no striking features
a: Potion Petition, Call Merchant, Bribe Branch, Renounce Religion


You were on level 2 of the Dungeon.
You worshipped Gozag.
Gozag was noncommittal.
You were not hungry.

You visited 1 branch of the dungeon, and saw 2 of its levels.

You collected 87 gold pieces.

Inventory:

Hand Weapons
 a - a +0 spear (weapon)
Armour
 b - a +0 robe (worn)
Jewellery
 g - an amulet of the acrobat (around neck)
Scrolls
 d - 4 scrolls of teleportation {unknown}
 e - a scroll of remove curse {unknown}
 h - a scroll of identify {unknown}
 i - a scroll of enchant armour {unknown}
 k - a scroll of magic mapping {unknown}
 m - a scroll of immolation {unknown}
 n - a scroll of random uselessness {unknown}
 o - 2 scrolls of amnesia {unknown}
Potions
 j - a potion of might {unknown}
 l - a potion of curing {unknown}
 p - a potion of haste {unknown}
Comestibles
 c - 4 rations
 f - 8 chunks of flesh


   Skills:
 - Level 3.6 Fighting
 + Level 5.0 Polearms
 - Level 2.4 Dodging
 - Level 1.5 Stealth


You had 2 spell levels left.
You didn't know any spells.
Your spell library was empty.

Dungeon Overview and Level Annotations

Branches:
Dungeon (2/15)

Altars:
Dithmenos
Gozag


Message History

The frilled lizard is heavily wounded.
You hit the frilled lizard.
You kill the frilled lizard!
No target in view!
No target in view!
Found a dagger.
You now have 84 gold pieces (gained 5).
Found a stone staircase leading up.
You now have 87 gold pieces (gained 3).
There is a stone staircase leading up here.
c - 4 rations (gained 1) Some of the chunks of flesh in your inventory have rotted away.
A rat comes into view.
A rat is nearby!
Found a stone staircase leading down.
You hit the rat.
You kill the rat!
No target in view!
No target in view!
Unknown command.
Are you sure you want to abandon this character and quit the game? (Confirm with "yes".)

#..# #... #..#
#..# . #..# ..
###..####.###
#....?.......
#....@$......
#...###....>#
#.#..# ....# #
##.# .######
#.###.# ...
#..##.#..#
..#.###..#.#.###
#...............
#.######...#.##
###


There were no monsters in sight!

Vanquished Creatures
  An ooze (D:2)
  A dart slug (D:1)
  2 leopard geckos (D:1)
  4 bats (D:1)
  3 giant cockroaches
  3 goblins (D:1)
  6 hobgoblins
  6 jackals (D:1)
  A frilled lizard (D:2)
  3 kobolds (D:1)
  3 rats
33 creatures vanquished.

Notes
Turn   | Place    | Note
-------+----------+-------------------------------------------
     0 | D:1      | Minion the Hill Orc Monk began the quest for the Orb.
     0 | D:1      | Reached XP level 1. HP: 19/19 MP: 1/1
    46 | D:1      | Reached XP level 2. HP: 7/26 MP: 2/2
    60 | D:1      | Reached skill level 4 in Polearms
   766 | D:1      | Reached XP level 3. HP: 29/31 MP: 3/3
  1269 | D:2      | Found a shadowy altar of Dithmenos.
  1272 | D:2      | Reached skill level 5 in Polearms
  1332 | D:2      | Found a faded altar of an unknown god.
  1396 | D:2      | Became a worshipper of Gozag Ym Sagoz the Greedy
  1471 | D:2      | Quit the game

Levels and vault maps discovered:
D:1:      minmay_arrival_shattered_statue, layout_basic,
          chequers_serial_rivers_small_3
D:2:      layout_rooms, old_standard_altar, chequers_ecumenical_altar_lobes,
          first_ration, nicolae_dithmenos_through_a_glass_darkly

Skill      XL: |  1  2  3 |
---------------+----------+-----
Polearms       | 4 5 |  5.0
Fighting       | |  3.6
Dodging        | |  2.4
Stealth        | |  1.5

Action                   || total
-------------------------++-------
Melee: Spear             ||   126
 Stab: Sleeping          ||     9
  Eat: Chunk             ||     2
Armor: Robe              ||    20
Dodge: Dodged            ||    65

Table legend:
 A = Non-vault XP
 B = Vault XP
 C = Vault XP percentage of total XP
 D = Non-vault monster count
 E = Vault monster count
 F = Vault count percentage of total count
                 A         B        C        D         E       F
            +---------+---------+-------+---------+---------+-------
      Total |      67 |       0 |   0.0 |      33 |       0 |   0.0
            +---------+---------+-------+---------+---------+-------
        D:1 |      48 |       0 |   0.0 |      25 |       0 |   0.0
        D:2 |      19 |       0 |   0.0 |       8 |       0 |   0.0
            +---------+---------+-------+---------+---------+-------
